 Dungeon Crawl Stone Soup version 0.30.0-5-g1a98f26d00 (webtiles) character file.

Game seed: 6549630733041036861

529 Jase the Cleaver (level 7, -18/60 HPs)
             Began as a Hill Orc Fighter on May 8, 2023.
             Demolished by an ogre
             ... wielding a +0 giant spiked club
              (28 damage)
             ... on level 4 of the Dungeon.
             The game lasted 00:05:09 (2478 turns).

Jase the Cleaver (Hill Orc Fighter)                 Turns: 2478, Time: 00:05:09

Health: -18/60     AC: 13    Str: 21    XL:     7   Next: 24%
Magic:  7/7        EV:  8    Int:  8    God:
Gold:   156        SH:  4    Dex: 10    Spells: 6/6 levels left

rFire   . . .        a - +0 war axe
rCold   . . .        c - +0 buckler
rNeg    . . .        x - +4 chain mail
rPois   .            (no helmet)
rElec   .            (no cloak)
rCorr   .            (no gloves)
SInv    .            (no boots)
Will    .....        d - amulet of regeneration Stlth
                     (no ring)
HPRegen 1.10/turn    (no ring)
MPRegen 0.10/turn

%: no passive effects
@: no status effects
A: no striking features
a: no special abilities


You were on level 4 of the Dungeon.
You visited 1 branch of the dungeon, and saw 4 of its levels.

You collected 156 gold pieces.

Inventory:

Hand Weapons
 a - a +0 war axe (weapon)
Missiles
 f - an atropa-tipped dart (quivered)
Armour
 c - a +0 buckler (worn)
 x - a +4 chain mail (worn)
Jewellery
 d - an amulet of regeneration (around neck)
 y - a ring of poison resistance
Scrolls
 g - a scroll of amnesia {unknown}
 h - a scroll of silence {unknown}
 j - 2 scrolls of blinking {unknown}
 k - a scroll of acquirement {unknown}
 l - 3 scrolls of teleportation {unknown}
 m - 3 scrolls of identify {unknown}
 n - 2 scrolls of poison {unknown}
 o - a scroll of torment {unknown}
 q - a scroll of noise {unknown}
 s - a scroll of vulnerability {unknown}
 u - a scroll of immolation {unknown}
 v - 2 scrolls of fog {unknown}
 w - a scroll of enchant armour {unknown}
Potions
 b - a potion of ambrosia {unknown}
 e - 2 potions of haste {unknown}
 i - a potion of berserk rage {unknown}
 p - a potion of flight {unknown}
 r - 3 potions of heal wounds
 t - 2 potions of mutation {unknown}


   Skills:
 - Level 4.8 Fighting
 * Level 8.7 Axes
 - Level 4.4 Armour
 - Level 3.2 Shields


You had 6 spell levels left.
You didn't know any spells.
Your spell library contained the following spells:

 Spells                   Type           Power      Damage    Failure   Level
 Beastly Appendage        Tmut           0%         N/A       98%         1
 Sandblast                Erth           0%         2d4       98%         1
 Summon Small Mammal      Summ           0%         N/A       98%         1
 Passwall                 Tmut/Erth      0%         N/A       99%         2
 Wereblood                Tmut           0%         N/A       99%         2
 Call Canine Familiar     Summ           0%         N/A       100%        3
 Spider Form              Tmut/Pois      0%         N/A       100%        3
 Stone Arrow              Conj/Erth      0%         3d7       100%        3
 Summon Guardian Golem    Hex/Summ       0%         N/A       100%        3


Dungeon Overview and Level Annotations

Branches:
Dungeon (4/15)
 Temple: D:4-7

Altars:
Ashenzari

Annotations:
D:3 2 transporters, browni3141's ghost, weakling MeHs


Message History

You barely miss the ogre.
The ogre is lightly wounded.
You hit the ogre.
The ogre is moderately wounded.
The ogre hits you with a +0 giant spiked club!
You are too injured to fight recklessly!
You are too injured to fight recklessly!
You are too injured to fight recklessly!
You are too injured to fight recklessly!
You are too injured to fight recklessly!
You completely miss the ogre.
The ogre is moderately wounded.
The ogre hits you with a +0 giant spiked club!
You slash the ogre!
The ogre is heavily wounded.
The ogre hits you with a +0 giant spiked club!
* * * LOW HITPOINT WARNING * * *
Okay, then.
Throw: 3 darts (atropa)
Press: ? - help, Q - select action Shift-Dir - straight line, f - ogre
Aim: an ogre, wielding a +0 giant spiked club (heavily wounded, 73% to hit, chance to blind on hit: 27%)
You throw an atropa-tipped dart. The atropa-tipped dart hits the ogre.
The ogre resists.
The ogre is heavily wounded.
Throw: 2 darts (atropa)
Press: ? - help, Q - select action Shift-Dir - straight line, f/p - ogre
Aim: an ogre, wielding a +0 giant spiked club (heavily wounded, 73% to hit, chance to blind on hit: 27%)
You throw an atropa-tipped dart. The atropa-tipped dart hits the ogre.
The ogre appears confused.
The ogre is heavily wounded.
The ogre hits you with a +0 giant spiked club!
* * * LOW HITPOINT WARNING * * *
The ogre barely misses itself.
You hit the ogre.
The ogre is severely wounded.
The ogre seems less confused.
You hit the ogre.
The ogre is almost dead.
The ogre hits you with a +0 giant spiked club!!
You die...

######
#.########.#..(.#
#.# #.###### #
###+##### #.# #
#.......# #.# #
#.......# #.#
##### #.......#
#.# ....#
#.......# #.#
....# #....O..#
#.# ....##
#....@..# #.#
.....#
#...#'######.#
.....# #...
#.#......# .....#
#.#
#.#.############
.....# #.#
#.#...# #....#
.....#### #.#.
#.###.#####.####
.....+..#
#.#.##.#
#.......#
.....##.#
#.#....#
#########
..##..#.#
#.###..#


You could see an ogre (blind).

Vanquished Creatures
  Sigmund (D:2)
  Eustachio (D:4)
  Jessica (D:2)
  Natasha (D:4)
  An iguana (D:4)
  Robin (D:2)
  2 adders
  3 dart slugs
  8 orcs
  5 ball pythons
  2 bats
  8 endoplasms
  16 giant cockroaches
  16 goblins
  5 hobgoblins
  4 jackals (D:4)
  7 kobolds
  5 quokkas
  5 frilled lizards
  11 rats
103 creatures vanquished.

Notes
Turn   | Place    | Note
-------+----------+-------------------------------------------
     0 | D:1      | Jase the Hill Orc Fighter began the quest for the Orb.
     0 | D:1      | Reached XP level 1. HP: 19/19 MP: 1/1
   133 | D:1      | Reached skill level 3 in Axes
   233 | D:1      | Reached XP level 2. HP: 27/27 MP: 2/2
   671 | D:2      | Reached XP level 3. HP: 31/33 MP: 3/3
   686 | D:2      | Noticed Sigmund
   704 | D:2      | Killed Sigmund
   705 | D:2      | Reached skill level 5 in Axes
   705 | D:2      | Reached XP level 4. HP: 30/41 MP: 4/4
   705 | D:2      | Reached XP level 5. HP: 34/47 MP: 5/5
  1040 | D:2      | Noticed Jessica
  1056 | D:2      | Killed Jessica
  1057 | D:2      | Reached skill level 6 in Axes
  1057 | D:2      | Reached XP level 6. HP: 55/55 MP: 6/6
  1138 | D:2      | Noticed Robin
  1150 | D:2      | Killed Robin
  1237 | D:3      | Found a transporter.
  1238 | D:3      | Found a transporter.
  1238 | D:3      | Noticed browni3141's ghost (weakling MeHs)
  1405 | D:3      | Reached skill level 7 in Axes
  2267 | D:4      | Noticed Natasha
  2268 | D:4      | Found a broken altar of Ashenzari.
  2272 | D:4      | Killed Natasha
  2292 | D:4      | Noticed Eustachio
  2320 | D:4      | Killed Eustachio
  2321 | D:4      | Reached skill level 8 in Axes
  2321 | D:4      | Reached XP level 7. HP: 60/60 MP: 7/7
  2478 | D:4      | Demolished by an ogre

Illustrated notes

Levels and vault maps discovered:
D:1:      heliophobic_arrival_battle_scene, layout_basic
D:2:      minmay_roachtagon, layout_rooms, uniq_jessica, uniq_robin,
          uniq_sigmund
D:3:      kb_forest_paths, layout_loops_ring, gammafunk_ghost_arena,
          minmay_misc_feat_nine_boxes
D:4:      layout_basic, mainiacjoe_overflow_boulevard, uniq_natasha,
          uniq_eustachio

Skill      XL: |  1  2  3  4  5  6 |
---------------+-------------------+-----
Axes           | 3 5 6 8 |  8.7
Fighting       | 4 |  4.8
Armour         | 4 |  4.4
Shields        | |  3.2

Action                     |  1- 3 |  4- 6 |  7- 9 || total
---------------------------+-------+-------+-------++-------
  Melee: War axe           |    79 |   193 |    25 ||   297
  Throw: Dart              |       |       |     2 ||     2
    Use: Potion            |     1 |       |       ||     1
 Armour: Scale mail        |    39 |    57 |       ||    96
         Chain mail        |       |    54 |     9 ||    63
  Dodge: Dodged            |    33 |    73 |    10 ||   116
  Block: Buckler           |    15 |    32 |     2 ||    49
